 Dungeon Crawl Stone Soup version 0.29.0-4-gdea44cf6ec (webtiles) character file.

Game seed: 15984065253897263980

248 qw the Chopper (level 6, 0/35 HPs)
             Began as a Tengu Warper on Aug 28, 2022.
             Slain by Grinder (5 damage)
             ... on level 4 of the Dungeon.
             The game lasted 00:00:22 (3717 turns).

qw the Chopper (Tengu Warper)                       Turns: 3717, Time: 00:00:23

Health: 0/35       AC: 12    Str: 14    XL:     6   Next: 12%
Magic:  10/10      EV:  7    Int: 13    God:
Gold:   145        SH:  0    Dex: 13    Spells: 9/9 levels left

rFire   . . .      SeeInvis .   Y - +3 hand axe
rCold   . . .      Faith    .   (no shield)
rNeg    . . .      Spirit   .   b - +0 chain mail
rPois   .          Reflect  .   (helmet restricted)
rElec   .          Harm     .   j - +2 cloak
rCorr   .          Rampage  .   d - +0 pair of gloves
Will    .....                   (boots unavailable)
Stlth   ..........              (no amulet)
HPRegen 0.11/turn               (no ring)
MPRegen 0.12/turn               (no ring)

@: flying quickly and evasively, quick
A: beak, talons 3, nimble flight
a: no special abilities


You were on level 4 of the Dungeon.
You visited 1 branch of the dungeon, and saw 4 of its levels.

You collected 260 gold pieces.
You spent 115 gold pieces at shops.


Innate Abilities, Weirdness & Mutations

You have a beak for a mouth.
You have claws for feet.
Your magical nature lets you fly swiftly and evasively.


   Skills:
 - Level 2.0 Fighting
 + Level 6.6 Axes
 - Level 1.0 Throwing
 - Level 2.0 Armour
 - Level 2.1 Dodging
 - Level 2.0 Spellcasting
 - Level 2.4 Translocations


You had 9 spell levels left.
You didn't know any spells.
Your spell library contained the following spells:

 Spells                   Type           Power      Damage    Failure   Level
 Blink                    Tloc           14%        N/A       98%         2
 Gell's Gravitas          Tloc           7%         N/A       100%        3
 Lesser Beckoning         Tloc           7%         N/A       100%        3
 Teleport Other           Tloc           7%         N/A       100%        3
 Manifold Assault         Tloc           7%         N/A       100%        5

Inventory:

Hand Weapons
 h - a +0 flail
 Y - a +3 hand axe (weapon)
Missiles
 e - 5 boomerangs (quivered)
Armour
 b - a +0 chain mail (worn)
 d - a +0 pair of gloves (worn)
 j - a +2 cloak (worn)
Scrolls
 g - a scroll of identify
Potions
 a - a potion of cancellation
 c - a potion of mutation
 f - a potion of might
 i - 3 potions of curing
 m - a potion of flight {unknown}
 n - a potion of lignification {unknown}

Dungeon Overview and Level Annotations

Branches:
Dungeon (4/15)
 Temple: D:4-7

Altars:
Wu Jian

Shops:
D:2 ?[**

Annotations:
D:4 3 runed translucent doors, Grinder; qw's ghost, amateur TeWr


Message History

3539 ||| FLEEEEING.
3540 ||| FLEEEEING.
3541 ||| FLEEEEING.
There is a stone staircase leading up here.
3542 ||| STAIRDANCE You fly upwards.
There is a stone staircase leading down here.
You start resting.
HP restored.
Done exploring.
3707 ||| READING 2 scrolls of identify.
As you read the scroll of identify, it crumbles to dust.
c - a potion of mutation;
3707 ||| IDENTIFYING silvery potion Done exploring.
(D) Dungeon
Where to? (* - list waypoints, Enter - D:4, ? - help)
What level of the Dungeon? (default 1, ? - help)
You fly downwards.
Level annotation: 3 runed translucent doors, Grinder; qw's ghost, amateur TeWr
There is a stone staircase leading up here.
Grinder is nearby!
3710 ||| Stepping ~*~*~tactically~*~*~ (hiding).
3711 ||| Stepping ~*~*~tactically~*~*~ (hiding).
Grinder blinks!
You barely miss Grinder. You claw Grinder, but do no damage. Grinder hits you!
You writhe in agony.
You slash Grinder! Your peck misses Grinder.
Grinder is moderately wounded.
Grinder hits you.
You writhe in agony.
You hit Grinder.
Grinder is moderately wounded.
Grinder gestures at you. Pain shoots through your body!
You hit Grinder. You peck Grinder, but do no damage.
Grinder is moderately wounded.
Grinder hits you but does no damage.
You barely miss Grinder.
Grinder is moderately wounded.
Grinder hits you.
You writhe in agony.
You die...

#######.#..............###....
#.......................
###....######.#....#....
#.)....## #....#......
#))..#..# ###.##......
#.[.....## #.##.#####
#........####....#
###..7.7..#...####
#...@......### #.7.5...7..#
#...(<....## ##.......##
##.....## #######


You could see Grinder.

Vanquished Creatures
  2 hounds
  An iguana (D:4)
  A gnoll (D:1)
  6 adders
  4 worms (D:2)
  3 dart slugs
  6 orcs
  7 endoplasms
  5 giant cockroaches
  9 goblins
  7 hobgoblins
  2 quokkas (D:1)
  5 ball pythons
  6 bats
  5 frilled lizards
  4 kobolds
  5 rats
78 creatures vanquished.

Vanquished Creatures (others)
  5 plants (D:1)
5 creatures vanquished.

Grand Total: 83 creatures vanquished

Notes
Turn   | Place    | Note
-------+----------+-------------------------------------------
     0 | D:1      | qw the Tengu Warper began the quest for the Orb.
     0 | D:1      | Reached XP level 1. HP: 12/12 MP: 4/4
     0 | D:1      | 0 ||| qw: Version: 0.1-a-89-g26bdef1
     0 | D:1      | 0 ||| qw: Game counter: 2096
     0 | D:1      | 0 ||| qw: Always use a shield: true
     0 | D:1      | 0 ||| qw: God list: Okawaru
     0 | D:1      | 0 ||| qw: Allow faded altars: false
     0 | D:1      | 0 ||| qw: Do Orc after D:15 true
     0 | D:1      | 0 ||| qw: Do second Lair branch before Depths: true
     0 | D:1      | 0 ||| qw: Lair rune preference: random
     0 | D:1      | 0 ||| qw: Plans: Normal
     0 | D:1      | 0 ||| PLANNING D:1-11
    86 | D:1      | Reached XP level 2. HP: 17/17 MP: 6/6
    99 | D:1      | 99 ||| Stepping ~*~*~tactically~*~*~ (stealth).
   107 | D:1      | Reached skill level 3 in Axes
   692 | D:1      | 692 ||| Stepping ~*~*~tactically~*~*~ (stealth).
   826 | D:1      | Found a faded altar of an unknown god.
   858 | D:1      | Reached XP level 3. HP: 19/21 MP: 7/7
   935 | D:1      | Reached skill level 4 in Axes
  1280 | D:1      | 1280 ||| UPGRADING to +0 pair of gloves.
  1285 | D:1      | 1285 ||| UPGRADING to +0 ring mail.
  1295 | D:1      | 1295 ||| DROPPING +0 leather armour.
  1296 | D:1      | 1296 ||| UPGRADING to +2 cloak.
  1301 | D:1      | 1301 ||| READING scroll labelled TAIRPH NYTAMMYUDGH.
  1302 | D:1      | 1302 ||| READING scroll labelled GOXTYC YKEJURU.
  1303 | D:1      | 1303 ||| READING scroll labelled XIYZOUD KIRPH.
  1304 | D:1      | 1304 ||| READING scroll labelled BOPRAE UXOO.
  1305 | D:1      | 1305 ||| DROPPING scroll of blinking.
  1369 | D:2      | Found Zus Qai's Assorted Antiques.
  1374 | D:2      | Found Byraw's Armour Emporium.
  1384 | D:2      | 1384 ||| BUYING +0 chain mail (49 gold).
  1384 | D:2      | Bought a +0 chain mail for 49 gold pieces
  1384 | D:2      | 1384 ||| SHOPLISTING +3 chain mail of fire resistance (291
                  | gold, have 40).
  1427 | D:2      | Found Wethu's Assorted Antiques.
  1434 | D:2      | 1434 ||| BUYING 3 scrolls labelled ENULAFR HEBURGHUPS (66
                  | gold).
  1434 | D:2      | Bought 3 scrolls labelled ENULAFR HEBURGHUPS for 66 gold
                  | pieces
  1434 | D:2      | 1434 ||| SHOPLISTING brightly glowing war axe (187 gold,
                  | have 4).
  1434 | D:2      | 1434 ||| SHOPLISTING bubbling dark potion (19 gold, have
                  | 4).
  1434 | D:2      | 1434 ||| SHOPLISTING murky brown potion (19 gold, have 4).
  1456 | D:2      | Found Ewnasocae's General Store.
  1466 | D:2      | 1466 ||| SHOPLISTING potion of might (56 gold, have 4).
  1699 | D:2      | Reached XP level 4. HP: 22/26 MP: 8/8
  1783 | D:2      | Found Wuoggac's Magic Scroll Emporium.
  1788 | D:2      | 1788 ||| SHOPLISTING scroll of identify (24 gold, have 11).
  1847 | D:2      | 1847 ||| READING 2 scrolls of enchant weapon.
  1847 | D:2      | 1847 ||| ENCHANTING +1 hand axe.
  1848 | D:2      | 1848 ||| READING scroll of enchant weapon.
  1848 | D:2      | 1848 ||| ENCHANTING +2 hand axe.
  1871 | D:2      | Reached skill level 5 in Axes
  2013 | D:2      | 2013 ||| Stepping ~*~*~tactically~*~*~ (stealth).
  2014 | D:2      | 2014 ||| Stepping ~*~*~tactically~*~*~ (stealth).
  2017 | D:2      | 2017 ||| Stepping ~*~*~tactically~*~*~ (stealth).
  2018 | D:2      | 2018 ||| Stepping ~*~*~tactically~*~*~ (stealth).
  2061 | D:2      | Gained mutation: Your magical nature lets you fly swiftly
                  | and evasively. [Tengu growth]
  2061 | D:2      | Reached XP level 5. HP: 30/30 MP: 9/9
  2095 | D:2      | 2095 ||| UPGRADING to +0 chain mail.
  2105 | D:2      | 2105 ||| DROPPING +0 ring mail.
  2106 | D:2      | 2106 ||| READING 2 scrolls labelled ZUYZOA UBBU.
  2107 | D:2      | 2107 ||| READING 3 scrolls labelled ENULAFR HEBURGHUPS.
  2108 | D:2      | 2108 ||| READING 2 scrolls labelled IKOBRA YKHLA.
  2109 | D:2      | 2109 ||| READING 2 scrolls labelled NOUGES FOFIFF.
  2114 | D:2      | 2114 ||| DRINKING 2 cyan potions.
  2115 | D:2      | 2115 ||| DROPPING scroll of noise.
  2116 | D:2      | 2116 ||| DROPPING 2 scrolls of magic mapping.
  2117 | D:2      | 2117 ||| DROPPING scroll of poison.
  2152 | D:3      | 2152 ||| STAIRDANCE
  2268 | D:3      | Found an ornate altar of the Wu Jian Council.
  2281 | D:3      | 2281 ||| Stepping ~*~*~tactically~*~*~ (stealth).
  2283 | D:3      | 2283 ||| Stepping ~*~*~tactically~*~*~ (hiding).
  2513 | D:3      | 2513 ||| DROPPING +0 club.
  2976 | D:3      | 2976 ||| DRINKING 2 inky potions.
  2977 | D:3      | 2977 ||| DRINKING 3 bubbling ruby potions.
  3011 | D:4      | 3011 ||| STAIRDANCE
  3084 | D:4      | 3084 ||| DROPPING +0 mace.
  3128 | D:4      | 3128 ||| Stepping ~*~*~tactically~*~*~ (stealth).
  3129 | D:4      | 3129 ||| Stepping ~*~*~tactically~*~*~ (stealth).
  3137 | D:4      | Reached skill level 6 in Axes
  3292 | D:4      | Found a runed translucent gate.
  3292 | D:4      | Found a runed translucent gate.
  3292 | D:4      | Found a runed translucent gate.
  3293 | D:4      | Noticed qw's ghost (amateur TeWr)
  3307 | D:4      | 3307 ||| Stepping ~*~*~tactically~*~*~ (hiding).
  3308 | D:4      | 3308 ||| Stepping ~*~*~tactically~*~*~ (hiding).
  3393 | D:4      | 3393 ||| Stepping ~*~*~tactically~*~*~ (stealth).
  3395 | D:4      | 3395 ||| Stepping ~*~*~tactically~*~*~ (stealth).
  3405 | D:4      | Noticed Grinder
  3406 | D:4      | 3406 ||| Stepping ~*~*~tactically~*~*~ (hiding).
  3409 | D:4      | Paralysed by Grinder for 5 turns
  3417 | D:4      | Reached XP level 6. HP: 10/35 MP: 10/10
  3417 | D:4      | HP: 3/35 [iguana (7)]
  3418 | D:4      | 3418 ||| READING scroll of teleportation.
  3420 | D:4      | Paralysed by Grinder for 3 turns
  3536 | D:4      | 3536 ||| FLEEEEING.
  3537 | D:4      | 3537 ||| FLEEEEING.
  3538 | D:4      | 3538 ||| FLEEEEING.
  3539 | D:4      | 3539 ||| FLEEEEING.
  3540 | D:4      | 3540 ||| FLEEEEING.
  3541 | D:4      | 3541 ||| FLEEEEING.
  3542 | D:4      | 3542 ||| STAIRDANCE
  3707 | D:3      | 3707 ||| READING 2 scrolls of identify.
  3707 | D:3      | 3707 ||| IDENTIFYING silvery potion
  3710 | D:4      | 3710 ||| Stepping ~*~*~tactically~*~*~ (hiding).
  3711 | D:4      | 3711 ||| Stepping ~*~*~tactically~*~*~ (hiding).
  3715 | D:4      | HP: 6/35 [Grinder/nerve-wracking pain (10)]
  3717 | D:4      | Slain by Grinder

Levels and vault maps discovered:
D:1:      amcnicky_arrival_feature_with_door, layout_basic,
          dreamdust_ecumenical_altar_statues, chequers_serial_rivers_micro_c,
          serial_bayou_ford_a
D:2:      layout_loops_cross, serial_shops, nicolae_lakefront_shop, shop, shop,
          nicolae_shop_stone, shop
D:3:      layout_basic, nicolae_wu_jian_wuxing_cycle
D:4:      layout_rooms, mainiacjoe_overflow_small_starburst,
          lemuel_zombie_altar_kikubaaqudgha, trog_wizard,
          ebering_ghost_rock_garden, st_stairs_13,
          hangedman_abyss_or_decor_stabs, chequers_serial_rivers_micro_c,
          grunt_ministairs_9, grunt_decor_one_mirror, nrook_mini_vaults,
          uniq_grinder

Skill      XL: |  1  2  3  4  5 |
---------------+----------------+-----
Axes           | 3 4 5 6 |  6.6
Armour         | 2 |  2.0
Fighting       | |  2.0
Throwing       | |  1.0
Dodging        | |  2.1
Spellcasting   | |  2.0
Translocations | |  2.4

Action                   |  1- 3 |  4- 6 || total
-------------------------+-------+-------++-------
Melee: Hand axe          |    64 |    76 ||   140
       Kick              |    14 |    20 ||    34
       Peck              |     8 |     9 ||    17
Throw: Boomerang         |    46 |    42 ||    88
  Use: Scroll            |     4 |     8 ||    12
       Potion            |       |     3 ||     3
Armor: Leather armour    |     6 |       ||     6
       Ring mail         |    24 |     2 ||    26
       Chain mail        |       |    34 ||    34
Dodge: Dodged            |    41 |    32 ||    73

Table legend:
 A = Non-vault XP
 B = Vault XP
 C = Vault XP percentage of total XP
 D = Non-vault monster count
 E = Vault monster count
 F = Vault count percentage of total count
                 A         B        C        D         E       F
            +---------+---------+-------+---------+---------+-------
      Total |     351 |       4 |   1.1 |      75 |       3 |   3.8
            +---------+---------+-------+---------+---------+-------
        D:1 |      54 |       0 |   0.0 |      24 |       0 |   0.0
        D:2 |     118 |       0 |   0.0 |      25 |       0 |   0.0
        D:3 |      38 |       1 |   2.6 |      13 |       1 |   7.1
        D:4 |     141 |       3 |   2.1 |      13 |       2 |  13.3
            +---------+---------+-------+---------+---------+-------
